AoeStats
← 逆流

Arena

507018024Analyzed
4v4 RM · 16d ago on Sep 16, 2026· 47m 16s· 8 players
Game mode
Random Map
Map size
Large (8 player)
Population
200
Speed
Normal
Resources
Standard
Victory
Conquest
Starting age
Dark Age
Ending age
Imperial Age
RankedLock teamsTeams togetherTeam positionsShared explorationLock speedFull tech treeHidden civsTurbo modeCheats
Victory
Defeat
🇨🇳 Bohemians · China
1278
+15
🇻🇳 Maya · Vietnam
1265
+15
🇲🇽 Byzantines · Mexico
1180
+20
🇨🇳 Goths · China
1172
+19
🇨🇳 Cumans · China
1264
-18
🇨🇳 Burgundians · China
1263
-18
🇨🇳 Britons · China
1242
-17
🇨🇳 Celts · China
1226
-16
仙逆许木
11:23 Feudal Age
14:59 Castle Age
13:05 Double-Bit Axe
13:41 Horse Collar
16:09 Bow Saw
16:20 Heavy Plow
24:39 Wheelbarrow
25:49 Hand Cart
29:03 Imperial Age
26:21 Loom
26:36 Gold Mining
27:32 Forging
27:22 Scale Mail Armor
26:44 Man-at-Arms
27:09 Gambesons
27:33 Long Swordsman
29:13 Chain Mail Armor
29:33 Iron Casting
28:24 Pikeman
29:07 Capped Ram
29:09 Two-Handed Swordsman
30:04 Furor Celtica
30:14 Conscription
30:50 Plate Mail Armor
30:03 Champion
31:30 Siege Ram
35:35 Siege Engineers
35:40 Masonry
35:32 Heavy Scorpion
39:31 Chemistry
41:10 Ballistics
逆流
4:54 Loom
8:45 Feudal Age
15:26 Double-Bit Axe
19:14 Wheelbarrow
21:16 Horse Collar
25:20 Fletching
30:17 Castle Age
28:57 Wheelbarrow
30:17 Padded Archer Armor
30:49 Elite Skirmisher
31:35 Thumb Ring
35:04 Imperial Age
33:39 Hand Cart
34:07 Bodkin Arrow
34:27 Leather Archer Armor
duck
5:21 Double-Bit Axe
11:09 Feudal Age
15:15 Castle Age
13:30 Bow Saw
13:42 Horse Collar
16:47 Scale Mail Armor
18:16 Two-Man Saw
17:53 Loom
19:48 Gold Mining
22:27 Chain Mail Armor
22:59 Wheelbarrow
22:46 Squires
22:57 Arson
23:34 Forging
25:41 Iron Casting
26:16 Heavy Plow
26:39 Hand Cart
32:04 Imperial Age
30:36 Crop Rotation
30:46 Gold Shaft Mining
30:02 Stone Mining
30:25 Stone Mining
30:57 Fletching
31:49 Ballistics
31:12 Treadmill Crane
31:39 Padded Archer Armor
31:39 Bodkin Arrow
31:13 Elite Skirmisher
32:32 Padded Archer Armor
32:50 Bracer
33:52 Chemistry
32:52 Loom
33:37 Leather Archer Armor
39:04 Scale Barding Armor
ROCK
10:52 Feudal Age
14:31 Castle Age
13:34 Double-Bit Axe
13:30 Horse Collar
15:39 Loom
21:31 Fletching
23:03 Man-at-Arms
23:57 Scale Mail Armor
24:34 Forging
25:23 Wheelbarrow
25:17 Gold Mining
25:18 Stone Mining
27:44 Hand Cart
28:48 Gold Shaft Mining
28:33 Bodkin Arrow
29:39 Long Swordsman
30:36 Padded Archer Armor
31:03 Bow Saw
30:54 Heavy Plow
31:36 Leather Archer Armor
35:12 Imperial Age
34:04 Chain Mail Armor
34:59 Ballistics
36:05 Yeomen
36:06 Bracer
37:11 Chemistry
35:38 Elite Longbowman
36:30 Siege Engineers
36:51 Conscription
38:26 Ring Archer Armor
38:49 Warwolf
39:40 Plate Mail Armor
40:18 Two-Man Saw
42:03 Iron Casting
Oveja de Batalla
11:46 Feudal Age
13:00 Double-Bit Axe
12:58 Horse Collar
16:31 Padded Archer Armor
16:22 Fletching
18:26 Loom
23:26 Castle Age
22:17 Scale Mail Armor
22:45 Gold Mining
23:30 Crossbowman
32:16 Leather Archer Armor
32:57 Bow Saw
33:59 Gold Shaft Mining
34:59 Forging
34:55 Scale Barding Armor
36:54 Iron Casting
37:30 Heavy Plow
38:06 Bodkin Arrow
39:18 Wheelbarrow
39:24 Chain Mail Armor
42:30 Imperial Age
40:33 Greek Fire
42:40 Chain Barding Armor
44:13 Two-Man Saw
43:46 Crop Rotation
44:04 Ring Archer Armor
44:53 Logistica
44:22 Arbalester
46:15 Plate Mail Armor
46:15 Thumb Ring
47:52 Conscription
趁嘎蜚
11:24 Feudal Age
11:36 Feudal Age
13:09 Double-Bit Axe
13:07 Horse Collar
15:56 Castle Age
16:10 Wheelbarrow
17:09 Bow Saw
24:54 Heavy Plow
28:38 Imperial Age
26:49 Hand Cart
26:19 Town Watch
26:43 Loom
27:12 Forging
27:02 Scale Mail Armor
27:19 Anarchy
29:02 Iron Casting
28:31 Squires
28:43 Gold Mining
28:45 Stone Mining
28:23 Pikeman
30:04 Conscription
30:32 Perfusion
30:28 Man-at-Arms
30:51 Elite Huskarl
31:48 Guilds
31:13 Long Swordsman
33:18 Blast Furnace
32:33 Chain Mail Armor
31:51 Two-Handed Swordsman
33:51 Champion
34:41 Fletching
不许穿打底裤
11:01 Feudal Age
11:34 Double-Bit Axe
12:00 Horse Collar
14:31 Castle Age
15:30 Bow Saw
15:20 Heavy Plow
21:31 Wheelbarrow
23:35 Hand Cart
23:06 Loom
23:56 Scale Mail Armor
24:06 Forging
25:00 Chemistry
23:46 Pikeman
28:31 Imperial Age
25:47 Town Watch
26:05 Padded Archer Armor
26:26 Squires
28:02 Iron Casting
27:48 Chain Mail Armor
29:33 Siege Engineers
30:58 Leather Archer Armor
33:05 Ring Archer Armor
32:18 Houfnice
32:57 Halberdier
33:22 Arson
34:10 Plate Mail Armor
42:23 Blast Furnace
41:14 Fletching
42:44 Wagenburg Tactics
42:59 Conscription
46:35 Bodkin Arrow
Jungkook
0:28 Loom
9:31 Feudal Age
16:00 Castle Age
14:09 Horse Collar
14:20 Double-Bit Axe
15:31 Horse Collar
24:28 Bow Saw
26:52 Heavy Plow
28:35 Fletching
30:40 Wheelbarrow
31:02 Padded Archer Armor
32:22 Ballistics
37:36 Imperial Age
35:24 Hand Cart
35:02 Gold Mining
35:03 Stone Mining
35:18 Hul'che Javelineers
35:56 Leather Archer Armor
35:36 Bodkin Arrow
37:54 Thumb Ring
37:57 Scale Mail Armor
39:25 Conscription
39:45 Ring Archer Armor
39:15 Bracer
39:31 Hul'che Javelineers
40:49 Two-Man Saw
40:52 Chemistry
40:02 Masonry
40:26 Crop Rotation
40:08 Elite Skirmisher
41:27 Elite Plumed Archer
43:05 Chain Mail Armor
Connection lost

Rejoining the realm…

Still unreachable

The connection could not be restored.

Session expired

The server has moved on; the page needs a fresh start.